cohdb
Replays
Latest Replays
All Replays
Popular Replays
Top Player Replays
Match Explorer
How It Works
Community
CoH3 Stats
Reddit
Sign in to upload your games and track your stats! →
Sign in with Steam
Match 39510945
Unlisted
Match 39510945
Overview
Messages
Build Orders
End
Vickers Machine Gun Team
Construct Section Command Post
Selects Canadian Shock Battlegroup
Dingo Light Scout Car
Selects Attacking Spirit
Selects Canadian Shock Section
Canadian Shock Section
Royal Engineer Section
Canadian Shock Section
Canadian Shock Section
Construct Platoon Command Post
CMP 15cwt Truck
Canadian Shock Section
Unlock M3 Stuart Light Tanks
M3 Stuart Light Tank
Selects Point Assault
M3 Stuart Light Tank
M3 Stuart Light Tank
26 letters
ZmiO
MY:OATZ
Jimm-e
Nuclear Viking
DaRtH VaDeRX2020
Schogunist
ninjayas
0
0
Comments
sign in to comment!
No comments posted yet!